 Dungeon Crawl Stone Soup version 0.30-a0-371-gad7725a93e (webtiles) character file.

Game seed: 8560381439339941241

107 LetschGu the Shooter (level 4, -2/27 HPs)
             Began as a Tengu Hunter on Nov 22, 2022.
             Killed from afar by an orc wizard (9 damage)
             ... with a magic dart
             ... on level 2 of the Dungeon.
             The game lasted 00:03:25 (1489 turns).

LetschGu the Shooter (Tengu Hunter)                 Turns: 1489, Time: 00:03:25

Health: -2/27      AC:  3    Str: 11    XL:     4   Next: 85%
Magic:  5/5        EV: 12    Int: 11    God:
Gold:   66         SH:  0    Dex: 18    Spells: 3/3 levels left

rFire   . . .      SeeInvis .    a - +0 shortbow
rCold   . . .      Faith    .    (shield currently unavailable)
rNeg    . . .      Spirit   .    c - +0 leather armour
rPois   .          Reflect  .    (helmet restricted)
rElec   .          Harm     .    (no cloak)
rCorr   .          Rampage  .    (no gloves)
Will    .....                    (boots unavailable)
Stlth   +.........               (no amulet)
HPRegen 0.24/turn                (no ring)
MPRegen 0.09/turn                (no ring)

@: confused, brilliant, ambrosia-drunk
A: beak, talons 3
a: no special abilities


You were on level 2 of the Dungeon.
You visited 1 branch of the dungeon, and saw 3 of its levels.

You collected 66 gold pieces.

Inventory:

Hand Weapons
 a - a +0 shortbow (weapon)
Armour
 c - a +0 leather armour (worn)
Scrolls
 b - a scroll of immolation
 d - 2 scrolls of identify {unknown}
 f - 3 scrolls of teleportation {unknown}
 h - a scroll of noise {unknown}
 i - a scroll of enchant weapon {unknown}
 k - a scroll of poison {unknown}
 m - a scroll of brand weapon {unknown}
 o - a scroll of fear {unknown}
 p - a scroll of magic mapping {unknown}
Potions
 e - a potion of brilliance
 j - a potion of might {unknown}
 l - a potion of attraction {unknown}
 n - a potion of curing {unknown}


   Skills:
 + Level 2.8 Fighting
 * Level 5.4 Ranged Weapons
 + Level 3.0 Dodging
 + Level 2.2 Stealth


You had 3 spell levels left.
You didn't know any spells.
Your spell library contained the following spells:

 Spells                   Type           Power      Damage    Failure   Level
 Static Discharge         Conj/Air       0%         2-2/arc   56%         2
 Vhi's Electric Charge    Tloc/Air       0%         N/A       80%         3
 Arcjolt                  Conj/Air       0%         1d10      100%        5
 Lightning Bolt           Conj/Air       0%         1d11      100%        5


Dungeon Overview and Level Annotations

Branches:
Dungeon (3/15)

Altars:


Innate Abilities, Weirdness & Mutations

You have a beak for a mouth.
You have claws for feet.


Message History

You shoot an arrow.
You hear some strange, mumbled words.
A magic dart appears from out of thin air!
The magic dart hits you. The orc hits you with a +0 short sword.
Something hits you. The orc hits you with a +0 short sword.
You shoot an arrow. Something hits you. The orc hits you but does no damage.
You shoot an arrow.
You hear some strange, mumbled words.
A magic dart appears from out of thin air!
The magic dart hits you.
* * * LOW HITPOINT WARNING * * *
The orc hits you with a +0 short sword.
* * * LOW HITPOINT WARNING * * *
Okay, then.
Okay, then.
It was a potion of brilliance.
You feel clever all of a sudden.
You hear some strange, mumbled words.
Something tries to affect you, but you resist.
The orc barely misses you.
It was a potion of ambrosia.
You are confused.
You feel invigorated. Something barely misses you. The orc closely misses you.
Unknown command.
Non-targeted confused fire: a) +0 shortbow
Press: ? - help, Q - select action Dir - look around, f - activate You shoot an arrow.
The arrow hits the orc.
The orc is severely wounded.
You hear some strange, mumbled words.
A magic dart appears from out of thin air!
The magic dart hits you. The orc misses you.
Non-targeted confused fire: a) +0 shortbow
Press: ? - help, Q - select action Dir - look around, f - activate You shoot an arrow.
Something hits you. The orc hits you with a +0 short sword.
* * * LOW HITPOINT WARNING * * *
You hear some strange, mumbled words.
A magic dart appears from out of thin air!
The magic dart hits you!
You die...

##########
#.###.###########
.........# #.......#
########.# #####.#.#
# #.# #.#.### #.#
#.#...# #.# #.###.#
#.# ##.###.#
####.#######...##.#
#..........{@...#.#
#.#########o....#.#
#.# #.#.....# #.#
#.#.###.#### #.#
#...# #....# #.#
###.###.##.# #.#
####.....##†######
##.#
###................#
#..#
#........#.#..####.#


You could see an orc.

Vanquished Creatures
  Jessica (D:2)
  2 adders (D:2)
  A worm (D:2)
  A dart slug (D:1)
  3 ball pythons
  4 endoplasms
  2 giant cockroaches
  5 goblins
  6 hobgoblins
  8 jackals (D:1)
  6 kobolds
  5 quokkas
  3 bats
  3 rats (D:1)
50 creatures vanquished.

Notes
Turn   | Place    | Note
-------+----------+-------------------------------------------
     0 | D:1      | LetschGu the Tengu Hunter began the quest for the Orb.
     0 | D:1      | Reached XP level 1. HP: 12/12 MP: 2/2
    84 | D:1      | Reached XP level 2. HP: 17/17 MP: 3/3
   316 | D:1      | Reached XP level 3. HP: 14/21 MP: 4/4
   654 | D:1      | Reached skill level 5 in Ranged Weapons
   769 | D:2      | Noticed Jessica
   770 | D:2      | Killed Jessica
   771 | D:2      | Reached XP level 4. HP: 27/27 MP: 5/5
   793 | D:2      | Found a faded altar of an unknown god.
  1489 | D:2      | Killed from afar by an orc wizard

Illustrated notes

Levels and vault maps discovered:
D:1:      amcnicky_arrival_blooded_trapdoor, layout_rooms
D:2:      layout_loops_ring, hellmonk_ecumenical_altar_lost_god, uniq_jessica
D:3:      layout_loops_ring, minmay_misc_feat_square

Skill      XL: |  1  2  3  4 |
---------------+-------------+-----
Ranged Weapons | 5 |  5.4
Stealth        | 2 |  2.2
Dodging        | 3 |  3.0
Fighting       | |  2.8

Action                   |  1- 3 |  4- 6 || total
-------------------------+-------+-------++-------
 Fire: Shortbow          |    91 |    50 ||   141
  Use: Potion            |       |     2 ||     2
Armor: Leather armour    |    22 |     9 ||    31
Dodge: Dodged            |    52 |    21 ||    73

Table legend: (Time is in decaauts)
 A = Elapsed time spent in this place.
 B = Non-inter-level travel time spent in this place.
 C = Inter-level travel time spent in this place.
 D = Time resting spent in this place.
 E = Time spent auto-exploring this place.
 F = Levels seen in this place.
 G = Mean time per level.
                   A        B        C        D        E       F      G
               +--------+--------+--------+--------+--------+-----+--------+
         Total |   1531 |   1480 |     51 |    289 |    886 |   3 |  510.3 |
       Dungeon |   1531 |   1480 |     51 |    289 |    886 |   3 |  510.3 |
               +--------+--------+--------+--------+--------+-----+--------+

Top non-repeatable levels by time:
     D:1: 795 daAuts
     D:2: 733 daAuts
     D:3: 1 daAuts
